 Dungeon Crawl Stone Soup version 0.28.0-53-g5a82cb258f (webtiles) character file.

Game seed: 5415886184343319049

394 Ashen the Ogre Mage (level 6, 0/59 HPs)
             Began as an Ogre Hedge Wizard on June 17, 2022.
             Shot with an arrow by a centaur (13 damage)
             ... on level 4 of the Dungeon.
             The game lasted 00:07:15 (4578 turns).

Ashen the Ogre Mage (Ogre Hedge Wizard)             Turns: 4578, Time: 00:07:16

Health: 0/59       AC:  3    Str: 15    XL:     6   Next: 82%
Magic:  4/13       EV: 10    Int: 23    God:
Gold:   60         SH:  0    Dex:  8    Spells: 7/15 levels left

rFire   . . .      SeeInvis +   p - +1 flail (vorpal)
rCold   . . .      Faith    .   (no shield)
rNeg    . . .      Spirit   .   b - +0 robe
rPois   .          Reflect  .   c - +0 hat
rElec   .          Harm     .   (no cloak)
rCorr   .          Rampage  .   (gloves unavailable)
Will    .....                   (boots unavailable)
Stlth   ++........              (no amulet)
HPRegen 0.19/turn               i - +6 ring of intelligence
MPRegen 0.13/turn               j - ring of see invisible

@: no status effects
A: large, unfitting armour, tough skin 1
a: no special abilities


You were on level 4 of the Dungeon.
You visited 1 branch of the dungeon, and saw 4 of its levels.

You collected 144 gold pieces.
You spent 84 gold pieces at shops.

Inventory:

Hand Weapons
 g - a +1 whip
 p - a +1 vorpal flail (weapon)
Armour
 b - a +0 robe (worn)
 c - a +0 hat (worn)
Jewellery
 i - a +6 ring of intelligence (left hand)
 j - a ring of see invisible (right hand)
 o - a ring of fire
Wands
 n - a wand of polymorph (13)
Scrolls
 a - a scroll of identify {unknown}
 h - a scroll of enchant weapon
 r - a scroll of immolation
 s - a scroll of vulnerability {unknown}
Potions
 d - a potion of brilliance {unknown}
 e - 2 potions of ambrosia {unknown}
 f - 2 potions of flight {unknown}
 k - 2 potions of curing
 l - a potion of mutation {unknown}
 m - 3 potions of heal wounds {unknown}
 q - a potion of might {unknown}
 t - a potion of lignification


   Skills:
 + Level 2.7 Fighting
 + Level 2.8 Dodging
 + Level 2.3 Stealth
 * Level 5.3 Spellcasting
 + Level 2.1 Conjurations
 + Level 2.1 Summonings
 + Level 2.0 Translocations


You had 7 spell levels left.
You knew the following spells:

 Your Spells              Type           Power      Damage    Failure   Level
a - Magic Dart            Conj           60%        1d6       3%          1
b - Blink                 Tloc           30%        N/A       6%          2
c - Call Imp              Summ           16%        N/A       5%          2
d - Mephitic Cloud        Conj/Pois/Air  9%         N/A       21%         3

Your spell library contained the following spells:

 Spells                   Type           Power      Damage    Failure   Level
 Slow                     Hex            24%        N/A       10%         1
 Conjure Flame            Conj/Fire      10%        6-21      19%         3


Dungeon Overview and Level Annotations

Branches:
Dungeon (4/15)
 Temple: D:4-7

Altars:

Shops:
D:3 !


Innate Abilities, Weirdness & Mutations

You are too large for most types of armour.
You have tough skin. (AC +1)


Message History

Press: ? - help, Shift-Dir - straight line, f/p - iguana
Aim: an iguana (100% to hit)
The magic dart hits the iguana but does no damage.
Casting: Magic Dart (safe; 3% risk of failure)
Confirm with . or Enter, or press ? or * to list all spells.
Aiming: Magic Dart (safe; 3% risk of failure)
Press: ? - help, Shift-Dir - straight line, f/p - iguana
Aim: an iguana (100% to hit)
The magic dart hits the iguana.
The iguana is lightly wounded.
Casting: Magic Dart (safe; 3% risk of failure)
Confirm with . or Enter, or press ? or * to list all spells.
Aiming: Magic Dart (safe; 3% risk of failure)
Press: ? - help, Shift-Dir - straight line, f/p - iguana
Aim: an iguana (lightly wounded, 100% to hit)
The magic dart hits the iguana but does no damage.
The iguana is lightly wounded.
Casting: Magic Dart (safe; 3% risk of failure)
Confirm with . or Enter, or press ? or * to list all spells.
Aiming: Mephitic Cloud (dangerous; 21% risk of failure)
Press: ? - help, Shift-Dir - straight line, f/p - iguana
Aim: an iguana (lightly wounded, chance to affect: 86%)
The ball explodes into a vile cloud!
The stinking cloud engulfs the iguana but does no damage.
The iguana is lightly wounded.
You hear a shout! x2
The iguana is engulfed in noxious fumes.
The iguana appears confused.
The iguana bites itself but does no damage.
A centaur comes into view.
The centaur wields a +0 shortbow.
The centaur shoots an arrow.
The arrow hits you.
The centaur shoots an arrow.
The arrow hits you.
The centaur shoots an arrow.
The arrow hits you!
The centaur shoots an arrow.
The arrow hits you!
* * * LOW HITPOINT WARNING * * *
The centaur shoots an arrow.
The arrow misses you.
There is a stone staircase leading up here.
The centaur shoots an arrow.
The arrow hits you!
You die...

#.......# o.# #.h
###c......# ).#.)
#.........# †..
#.#.......### #.#
......).....####.#
.†.............).#
.......<....######
......††..l.#
.......@....#
............#
#.###.......# .
#.......#
#....(..#
#..###### ..# ..#


You could see a centaur and an iguana (confused).

Vanquished Creatures
  A bullfrog (D:4)
  2 hounds (D:4)
  An orc priest (D:3)
  Jessica (D:3)
  An orc wizard (D:2)
  9 adders
  A gnoll (D:3)
  3 worms
  5 dart slugs
  5 orcs
  6 bats
  7 endoplasms
  2 giant cockroaches (D:1)
  7 goblins
  8 hobgoblins
  A jackal (D:2)
  6 kobolds
  A quokka (D:4)
  12 ball pythons
  4 frilled lizards
  4 rats
87 creatures vanquished.

Vanquished Creatures (collateral kills)
  A jackal (D:1)
1 creature vanquished.

Grand Total: 88 creatures vanquished

Notes
Turn   | Place    | Note
-------+----------+-------------------------------------------
     0 | D:1      | Ashen the Ogre Hedge Wizard began the quest for the Orb.
     0 | D:1      | Reached XP level 1. HP: 16/16 MP: 5/5
   125 | D:1      | Reached skill level 1 in Translocations
   135 | D:1      | Reached skill level 1 in Summonings
   264 | D:1      | Reached skill level 1 in Conjurations
   285 | D:1      | Reached XP level 2. HP: 23/26 MP: 0/6
   908 | D:1      | Learned a level 2 spell: Blink
   911 | D:1      | Learned a level 2 spell: Call Imp
   931 | D:1      | Reached skill level 4 in Spellcasting
   931 | D:1      | Reached XP level 3. HP: 32/32 MP: 2/8
  1001 | D:1      | Reached skill level 1 in Fighting
  1723 | D:2      | Found a faded altar of an unknown god.
  1984 | D:2      | Reached XP level 4. HP: 41/41 MP: 3/10
  2759 | D:2      | Reached XP level 5. HP: 36/49 MP: 6/11
  3213 | D:3      | Noticed Jessica
  3218 | D:3      | Killed Jessica
  3490 | D:3      | Reached XP level 6. HP: 13/57 MP: 1/13
  3767 | D:3      | Found Jygitem's Distillery.
  3888 | D:3      | Reached skill level 5 in Spellcasting
  3994 | D:3      | Bought a potion of lignification for 42 gold pieces
  3994 | D:3      | Bought a potion of curing for 42 gold pieces
  4529 | D:4      | Learned a level 3 spell: Mephitic Cloud
  4578 | D:4      | Shot with an arrow by a centaur

Illustrated notes

Levels and vault maps discovered:
D:1:      minmay_arrival_glassed_features, layout_basic
D:2:      layout_rooms, basic_ecumenical_altar
D:3:      layout_basic, serial_shops, nicolae_shop_window_shopping,
          minmay_unequal, uniq_jessica
D:4:      minmay_diamond_boxcup, layout_rooms, minmay_temple_entry_statues,
          uniq_blork_the_orc

Skill      XL: |  1  2  3  4  5  6 |
---------------+-------------------+-----
Translocations | 1 2 |  2.0
Summonings     | 1 2 |  2.1
Conjurations   | 1 2 |  2.1
Dodging        | 2 |  2.8
Spellcasting   | 4 5 |  5.3
Fighting       | 1 2 |  2.7
Stealth        | 2 |  2.3

Action                   |  1- 3 |  4- 6 || total
-------------------------+-------+-------++-------
Melee: Dagger            |    42 |    13 ||    55
       Whip              |       |    30 ||    30
       Flail             |       |    15 ||    15
 Cast: Magic Dart        |    94 |   147 ||   241
       Call Imp          |       |     3 ||     3
       Mephitic Cloud    |       |     1 ||     1
  Use: Scroll            |       |     4 ||     4
 Stab: Sleeping          |       |     2 ||     2
Armor: Robe              |    30 |    15 ||    45
Dodge: Dodged            |    26 |    41 ||    67
